 Dungeon Crawl Stone Soup version 0.29-a0-676-ga64570c9d2 (webtiles) character file.

Game seed: 1519400375216198750

22444 Newt the Cruncher (level 12, -3/94 HPs)
             Began as a Demonspawn Abyssal Knight on June 24, 2022.
             Was the Champion of Lugonu.
             Slain by a sun moth (13 damage)
             ... on level 1 of the Spider Nest.
             The game lasted 00:34:48 (13007 turns).

Newt the Cruncher (Demonspawn Abyssal Knight)      Turns: 13007, Time: 00:34:49

Health: -3/94      AC: 23    Str: 17    XL:     12   Next: 63%
Magic:  0/16       EV: 12    Int: 13    God:    Lugonu [******]
Gold:   794        SH:  0    Dex: 14    Spells: 11/11 levels left

rFire   x x .      SeeInvis .   L - +12 quarterstaff "Hicvemij" {distort, Int+2}
rCold   x x .      Faith    .   (shield currently unavailable)
rNeg    . . .      Spirit   +   k - +0 chain mail
rPois   +          Reflect  .   n - +0 helmet
rElec   .          Harm     .   (no cloak)
rCorr   .          Rampage  .   z - +0 pair of gloves
Will    .....                   (no boots)
Stlth   ..........              r - amulet of Elemental Vulnerability {rPois rF-- rC-- AC+8}
HPRegen 0.25/turn               Q - ring of poison resistance
MPRegen 0.30/turn               B - +4 ring of evasion

@: confused, glowing
A: hooves 2, slimy green scales 1, magic shield, magic regeneration,
condensation shield, weak 1
a: Renounce Religion, Depart the Abyss, Bend Space, Banish, Corrupt, Enter the
Abyss, Brand Weapon With Distortion


You were on level 1 of the Spider Nest.
You worshipped Lugonu.
Lugonu was exalted by your worship.
You visited 3 branches of the dungeon, and saw 14 of its levels.
You visited the Abyss 2 times.
You also visited: Ossuary.

You collected 794 gold pieces.

Inventory:

Hand Weapons
 e - a +3 short sword of venom
 L - the +12 quarterstaff "Hicvemij" (weapon) {distort, Int+2}
   (You found it on level 5 of the Dungeon)

   It warps and distorts space around it, and may blink, banish, or inflict
   extra damage upon those it strikes.
   Unwielding it can cause banishment or high damage.
   Int:       It affects your intelligence (+2).
Missiles
 o - 42 poisoned darts
Armour
 k - a +0 chain mail (worn)
 n - a +0 helmet (worn)
 z - a +0 pair of gloves (worn)
Jewellery
 b - a +6 ring of intelligence
 r - the amulet of Elemental Vulnerability (around neck) {rPois rF-- rC-- AC+8}
   (You found it on level 2 of the Dungeon)

   [amulet of nothing]

   AC:        It affects your AC (+8).
   rF:        It makes you very vulnerable to fire.
   rC:        It makes you very vulnerable to cold.
   rPois:     It protects you from poison.
 x - a ring of flight
 B - a +4 ring of evasion (right hand)
 G - a ring of resist corrosion
 Q - a ring of poison resistance (left hand)
 W - an amulet of reflection
 X - a +6 ring of intelligence
 Z - an amulet of magic regeneration
Wands
 g - a wand of flame (11)
 p - a wand of mindburst (32)
 O - a wand of digging (15)
 P - a wand of acid (15)
 R - a wand of iceblast (19)
 U - a wand of polymorph (18)
Scrolls
 a - a scroll of enchant armour {unknown}
 f - 5 scrolls of teleportation
 i - 5 scrolls of immolation
 u - 3 scrolls of amnesia
 v - a scroll of enchant weapon
 y - 2 scrolls of silence
 C - 2 scrolls of blinking
 E - a scroll of vulnerability {unknown}
 F - 2 scrolls of fog
 I - a scroll of summoning {unknown}
 J - a scroll of fear
 K - a scroll of acquirement {unknown}
 S - a scroll of poison {unknown}
 V - a scroll of brand weapon {unknown}
 Y - a scroll of identify
Potions
 c - 4 potions of mutation
 h - 3 potions of berserk rage
 j - 8 potions of curing
 l - 3 potions of degeneration
 m - 4 potions of lignification
 q - a potion of magic {unknown}
 s - 5 potions of attraction
 t - 4 potions of might
 w - 3 potions of haste
 A - 2 potions of brilliance
 H - a potion of ambrosia {unknown}
 M - a potion of cancellation {unknown}
 N - a potion of flight {unknown}
 T - a potion of resistance {unknown}


   Skills:
 + Level 8.4 Fighting
 - Level 6.3 Short Blades
 - Level 2.0 Axes
 * Level 13.6 Staves
 + Level 7.7 Armour
 + Level 3.0 Dodging
 + Level 1.6 Stealth
 + Level 4.1 Shields
 + Level 0.5 Unarmed Combat
 * Level 6.4 Invocations
 + Level 0.4 Evocations


You had 11 spell levels left.
You didn't know any spells.
Your spell library contained the following spells:

 Spells                   Type           Power      Damage    Failure   Level
 Sandblast                Erth           0%         2d4       98%         1
 Shock                    Conj/Air       0%         1d3       98%         1
 Slow                     Hex            0%         N/A       98%         1
 Sting                    Tmut/Pois      0%         1d3       98%         1
 Passwall                 Tmut/Erth      0%         N/A       99%         2
 Poisonous Vapours        Pois/Air       0%         N/A       99%         2
 Confusing Touch          Hex            0%         N/A       100%        3
 Conjure Flame            Conj/Fire      0%         6-21      100%        3
 Ignite Poison            Fire/Tmut/Pois 0%         N/A       100%        3
 Stone Arrow              Conj/Erth      0%         3d7       100%        3
 Swiftness                Air            0%         N/A       100%        3
 Vampiric Draining        Necr           0%         2d6       100%        3
 Airstrike                Air            0%         N/A       100%        4
 Olgreb's Toxic Radiance  Pois           0%         N/A       100%        4
 Borgnjor's Vile Clutch   Necr/Erth      0%         N/A       100%        5
 Ozocubu's Refrigeration  Ice            0%         4d5       100%        7
 Ignition                 Fire           0%         3d3       100%        8
 Fire Storm               Conj/Fire      0%         5d1       100%        9


Dungeon Overview and Level Annotations

Branches:
Dungeon (10/15)            Temple (0/1) D:7            Lair (3/6) D:10
 Spider (1/4) Lair:3      Ossuary (visited)
  Swamp: Lair:2-4    Shoals: Lair:2-4       Orc: D:9-12

Altars:
Ashenzari
Elyvilon
Gozag
Qazlal
Ru
Sif Muna
Uskayaw
Xom
Yredelemnul
The Shining One

Shops:
D:6 *(=   D:10 (

Annotations:
Lair:2 corrupted
Abyss:1 Maurice, Sonja


Innate Abilities, Weirdness & Mutations

You have hoof-like feet.
You are partially covered in slimy green scales. (AC +2)
When hurt, damage is shared between your health and your magic reserves.
You regenerate magic rapidly.
A meltable shield of frost defends you. (SH +4)
You are weak. (Str -2)


Message History

The broodmother is moderately wounded.
The broodmother bites you!!
A spider bursts forth from the wound!
The wolf spider hits you!
The wolf spider bites you but does no damage.
You sock the broodmother!
The broodmother is moderately wounded.
The broodmother summons spiders!
The wolf spider hits you but does no damage.
You block the wolf spider's attack.
You thump the broodmother!
Space warps around the broodmother.
The broodmother is heavily wounded.
The jumping spider leaps!
Activating: Corrupt (26% risk of failure)
Press: ? - help, Dir - look around, f - activate You fail to use your ability.
The culicivora misses you.
The jumping spider leaps!
The wolf spider hits you but does no damage.
The wolf spider closely misses you. The broodmother closely misses you.
The wolf spider hits you!
* * * LOW HITPOINT WARNING * * *
The wolf spider bites you.
* * * LOW HITPOINT WARNING * * *
The culicivora bites you but does no damage.
The broodmother closely misses you.
Blink to where?
Press: ? - help, Q - select action, (/) - cycle Dir - move target
As you read the scroll of blinking, it crumbles to dust.
The tarantella hisses angrily.
Okay, then.
The tarantella closely misses you. The tarantella touches you!
* * * LOW HITPOINT WARNING * * *
You sock the tarantella!
Space warps around the tarantella.
The tarantella is moderately wounded.
The tarantella touches you.
* * * LOW HITPOINT WARNING * * *
You are confused.
You are too confused!
You're too confused to move!
The tarantella barely misses you. The sun moth bites you!
You die...

***,,,**,,,,,,,,,*,,,*,,,**,,,*
*,**^,,,**,*,*,,*,,,,,,*,,,,,*
**,,,*,,,***,,,,*,*,,**,,,**,,
*,,^*,##******,,,,*..,*,,*,*,,
***,**#..*,*,,,*,!*#..,>,,##**
**,,,#...,##,,,,,.#..*,*#.,,*
*,,*,.....#.#####.(...,,..,,,
*,,,^,##....#......#..*,s#**,
****,,#....y@.#...##..##.##^,
*,,######s.......##..#.^#,,
***#......##s.#.#..#...##**
**,*#..#..#.#s...#s.#[..#*,
*,,,###..##s.s.###.,#.#....
**,,,#..?ys.s#.s.#^##.#..^#
*.....#.#s#^##..##..###...
*##.....#...#..sss#.#,..#.
***,..##.#.##...#ยง..###....


You could see a broodmother, a sun moth, a wolf spider (summoned), a culicivora
(summoned), 2 jumping spiders, a tarantella and a redback.

Vanquished Creatures
  Urug (Lair:2)
  2 thrashing horrors (Abyss:2)
  A large abomination (Abyss:2)
  Joseph (D:9)
  2 cane toads
  A torpor snail (Spider:1)
  3 trolls (D:10)
  5 komodo dragons
  7 blink frogs (Lair:1)
  A tarantella (Spider:1)
  A raiju (shapeshifter) (Abyss:2)
  A hornet (D:10)
  The ghost of pigah the Gusty, an amateur OpAE (D:4)
  A culicivora (Lair:3)
  2 jumping spiders (Lair:3)
  A shadow (D:10)
  4 wyverns
  A wraith (D:6)
  54 yaks
  A basilisk (Lair:1)
  A steam dragon (D:8)
  A redback (Lair:3)
  Menkaure (Ossuary)
  9 water moccasins
  An orc warrior (D:9)
  2 ice beasts
  4 sky beasts
  2 centaurs
  2 kobold brigands
  A phantom (D:7)
  3 bullfrogs
  A gnoll sergeant (D:8)
  4 necrophages
  2 scorpions
  4 wights (D:8)
  6 howler monkeys
  3 jellies
  7 orc priests
  A hound (D:6)
  2 gnoll shamans
  3 orc wizards
  A small abomination (Abyss:2)
  3 mummies (Ossuary)
  Robin (D:2)
  9 adders
  13 gnolls
  A river rat (D:5)
  A shadow imp (D:7)
  3 white imps
  4 worms
  5 dart slugs
  25 orcs
  8 endoplasms
  4 giant cockroaches
  4 gnoll zombies (Ossuary)
  12 goblins
  17 hobgoblins
  8 jackals
  18 kobolds
  2 quokkas
  6 ball pythons
  11 bats
  8 frilled lizards
  8 gnoll skeletons (Ossuary)
  4 goblin skeletons (Ossuary)
  3 goblin zombies (Ossuary)
  3 hobgoblin skeletons (Ossuary)
  4 hobgoblin zombies (Ossuary)
  3 kobold skeletons (Ossuary)
  5 kobold zombies (Ossuary)
  An orc skeleton (Ossuary)
  4 orc zombies (Ossuary)
  8 rats
  6 rat skeletons (Ossuary)
  5 rat zombies (Ossuary)
369 creatures vanquished.

Vanquished Creatures (others)
  2 blink frogs (Lair:2)
  10 fungi
  12 plants
24 creatures vanquished.

Grand Total: 393 creatures vanquished

Notes
Turn   | Place    | Note
-------+----------+-------------------------------------------
     0 | Abyss:1  | Newt the Demonspawn Abyssal Knight began the quest for the
                  | Orb.
     0 | Abyss:1  | Reached XP level 1. HP: 18/18 MP: 2/2
    58 | Abyss:2  | Noticed a small abomination
    82 | D:1      | Escaped the Abyss
   366 | D:1      | Found a faded altar of an unknown god.
   433 | D:1      | Gained mutation: You have large cloven feet. [demonic
                  | ancestry]
   433 | D:1      | Reached XP level 2. HP: 14/24 MP: 3/3
   438 | D:1      | Reached skill level 1 in Short Blades
   887 | D:1      | Reached skill level 1 in Dodging
   891 | D:1      | HP: 1/24 [endoplasm (3)]
   899 | D:1      | Gained mutation: A meltable shield of frost defends you.
                  | (SH +4) [demonic ancestry]
   899 | D:1      | Reached XP level 3. HP: 2/29 MP: 4/4
  1633 | D:2      | Reached skill level 1 in Stealth
  1642 | D:2      | Noticed Robin
  1977 | D:2      | Killed Robin
  1978 | D:2      | Reached XP level 4. HP: 33/35 MP: 5/5
  2052 | D:2      | Found the amulet of Elemental Vulnerability {rPois rF--
                  | rC-- AC+8}
  2179 | D:2      | Reached *** piety under Lugonu
  2723 | D:3      | Reached XP level 5. HP: 40/41 MP: 6/6
  3188 | D:3      | Reached **** piety under Lugonu
  3233 | D:3      | Found an opulent altar of Gozag.
  3479 | D:4      | Noticed a centaur
  3491 | D:4      | Killed a centaur
  3492 | D:4      | Gained mutation: You regenerate magic rapidly. [demonic
                  | ancestry]
  3492 | D:4      | Reached XP level 6. HP: 41/48 MP: 7/7
  3854 | D:4      | Found a sand-covered staircase.
  3870 | Ossuary  | Entered an ossuary
  3926 | Ossuary  | Reached ***** piety under Lugonu
  4145 | Ossuary  | Noticed Menkaure
  4164 | Ossuary  | Killed Menkaure
  4165 | Ossuary  | Reached skill level 5 in Short Blades
  4165 | Ossuary  | Gained mutation: When hurt, damage is shared between your
                  | health and your magic reserves. [demonic ancestry]
  4165 | Ossuary  | Reached XP level 7. HP: 33/53 MP: 8/8
  4506 | D:4      | Found a large runed translucent door.
  4508 | D:4      | Found a large runed translucent door.
  4509 | D:4      | Noticed pigah's ghost (amateur OpAE)
  4609 | D:4      | Found a shimmering altar of Xom.
  4784 | D:4      | Killed pigah's ghost
  4861 | D:5      | Entered Level 5 of the Dungeon
  4942 | D:5      | Found a sacrificial altar of Ru.
  5151 | D:5      | Reached skill level 1 in Shields
  5190 | D:5      | Found a glowing drain.
  5199 | D:5      | Identified the +12 quarterstaff "Hicvemij" {distort, Int+2}
  5715 | D:6      | Noticed a wraith
  5720 | D:6      | Killed a wraith
  5721 | D:6      | Reached skill level 1 in Staves
  5721 | D:6      | Reached XP level 8. HP: 52/61 MP: 9/9
  5777 | D:6      | Reached skill level 2 in Staves
  6004 | D:6      | Found Faixiev's Weapon Boutique.
  6317 | D:6      | Found Aneploho's Jewellery Boutique.
  6325 | D:6      | Reached skill level 3 in Staves
  6544 | D:6      | Found Uhusyv's General Store.
  6846 | D:7      | Reached skill level 4 in Staves
  6859 | D:7      | Reached skill level 5 in Fighting
  7026 | D:7      | Reached skill level 5 in Armour
  7047 | D:7      | Found a staircase to the Ecumenical Temple.
  7073 | D:7      | Gained mutation: You are partially covered in slimy green
                  | scales. (AC +2) [demonic ancestry]
  7073 | D:7      | Reached XP level 9. HP: 68/68 MP: 10/10
  7108 | D:7      | Reached skill level 5 in Staves
  7219 | D:8      | Found a broken altar of Ashenzari.
  7228 | D:8      | Reached skill level 6 in Staves
  7332 | D:8      | Reached skill level 7 in Staves
  7355 | D:8      | Reached ****** piety under Lugonu
  7511 | D:8      | Got the Tome of the Burning Rocks
  7825 | D:9      | Reached skill level 8 in Staves
  8097 | D:9      | Noticed Joseph
  8112 | D:9      | Killed Joseph
  8113 | D:9      | Reached XP level 10. HP: 59/76 MP: 11/11
  8210 | D:9      | Found a hide-covered altar of Uskayaw.
  8249 | D:9      | Identified the +2 robe of Inaction {rC+}
  8360 | D:9      | Noticed Maurice
  8371 | D:9      | Banished Maurice
  8372 | D:9      | Reached skill level 9 in Staves
  8450 | D:9      | Found a stormy altar of Qazlal.
  8610 | D:9      | Found a shimmering blue altar of Sif Muna.
  8625 | D:9      | Reached skill level 10 in Staves
  8627 | D:10     | Entered Level 10 of the Dungeon
  8673 | D:10     | Found Zigejooc's Weapon Shoppe.
  8922 | D:10     | Reached XP level 11. HP: 83/83 MP: 12/12
  9059 | D:10     | Reached skill level 11 in Staves
  9455 | D:10     | Found a staircase to the Lair.
  9656 | D:10     | Found a basalt altar of Yredelemnul.
  9658 | D:10     | Noticed a profane servitor
  9818 | D:10     | Noticed an angel
  9856 | Lair:1   | Entered Level 1 of the Lair of Beasts
 10042 | Lair:1   | Reached skill level 12 in Staves
 10836 | Lair:2   | Noticed Urug
 10850 | Lair:2   | Killed Urug
 11007 | Lair:2   | Gained mutation: You have hoof-like feet. [demonic
                  | ancestry]
 11007 | Lair:2   | Reached XP level 12. HP: 91/91 MP: 15/15
 11200 | Lair:2   | Noticed Sonja
 11203 | Lair:2   | Cast into level 1 of the Abyss (Sonja)
 11230 | Abyss:2  | Reached skill level 5 in Invocations
 11424 | Abyss:2  | Gained mutation: You are weak. (Str -2) [a neqoxec]
 11428 | Abyss:2  | Noticed a cacodemon
 11431 | Lair:2   | Escaped the Abyss
 11651 | Lair:2   | HP: 3/92 [Sonja/+1 short sword of distortion (14)]
 11652 | Lair:2   | HP: 1/92 [asphyx]
 12012 | Lair:2   | Banished Sonja
 12013 | Lair:2   | Reached skill level 13 in Staves
 12117 | Lair:2   | Corrupted Lair:2
 12117 | Lair:2   | Noticed a starcursed mass
 12117 | Lair:2   | Noticed a rakshasa
 12118 | Lair:2   | Noticed a starcursed mass
 12127 | Lair:2   | Noticed a starcursed mass
 12134 | Lair:2   | Noticed a profane servitor
 12296 | Lair:3   | Found a hole to the Spider Nest.
 12690 | Spider:1 | Entered Level 1 of the Spider Nest
 12778 | Spider:1 | Noticed a broodmother
 13007 | Spider:1 | Slain by a sun moth

Illustrated notes

Levels and vault maps discovered:
D:1:      heliophobic_arrival_glass_houses, layout_rooms,
          shapermc_ecumenical_altar_mp_urbaneastern,
          chequers_serial_rivers_room_b
D:2:      layout_rooms, minmay_box_of_dots, uniq_robin
D:3:      layout_basic, lemuel_crystal_altar, minmay_vboxes
D:4:      layout_rooms, brannock_xom_greatest_gift, chequers_ossuary_entry_cave,
          ebering_ghost_disaster_area
D:5:      layout_basic, nicolae_ru_the_path_less_chosen,
          cheibrodos_sewer_entry_sluice, hex_intersection
D:6:      layout_basic, serial_shops, shop, shop, nicolae_diamond_shop,
          minmay_between
D:7:      layout_loops_ring, temple_statues, uniq_menkaure
D:8:      layout_cave_pools, ashenzari_conservatory_becter, minmay_fountain_box,
          st_stairs_14
D:9:      layout_small_grid, tgw_sif, mainiacjoe_overflow_small_starburst,
          slow_altar_1, mainiacjoe_overflow_swirl, lemuel_crystal_altar,
          orc_0_dummy, minmay_sticks_and_stones, uniq_maurice
D:10:     layout_loops_corners, grunt_temple_overflow_holy_war,
          minmay_lair_entry_grove, serial_shops, shop
Lair:1:   layout_big_grid
Lair:2:   layout_hall_layers, lemuel_fruit_tree, uniq_sonja, uniq_urug
Lair:3:   layout_chaotic_city, nicolae_spider_entry_tight_spaces,
          grunt_megastairs_3, serial_bayou_shore_b
Spider:1: layout_spider_delve, gammafunk_ghost_tricky_traps

Skill      XL: |  1  2  3  4  5  6  7  8  9 10 11 12 |
---------------+-------------------------------------+-----
Axes           | 2 |  2.0
Short Blades   | 1 2 3 5 6 |  6.3
Armour         | 2 3 4 5 6 7 |  7.7
Dodging        | 1 2 3 |  3.0
Stealth        | 1 |  1.6
Fighting       | 4 5 6 7 8 |  8.4
Shields        | 1 2 3 4 |  4.1
Staves         | 1 4 8 10 12 13 | 13.6
Invocations    | 4 6 |  6.4
Unarmed Combat | |  0.5
Evocations     | |  0.4

Action                   |  1- 3 |  4- 6 |  7- 9 | 10-12 || total
-------------------------+-------+-------+-------+-------++-------
Melee: Short sword       |    89 |   313 |    81 |       ||   483
       Hand axe          |     7 |       |       |       ||     7
       Kick              |    13 |    83 |    62 |   120 ||   278
       Punch             |       |     5 |     2 |       ||     7
       Quarterstaff      |       |       |   161 |   393 ||   554
       Unarmed           |       |       |       |     9 ||     9
Invok: Depart the Abyss  |     1 |       |       |     1 ||     2
       Corrupt           |       |       |       |     1 ||     1
Evoke: Wand              |       |     1 |       |       ||     1
  Use: Potion            |     1 |     2 |       |    11 ||    14
       Scroll            |       |     4 |     7 |     9 ||    20
 Stab: Confused          |       |       |       |     2 ||     2
       Distracted        |       |       |       |     1 ||     1
Armor: Leather armour    |    21 |       |       |       ||    21
       Chain mail        |    38 |   156 |   114 |   189 ||   497
Dodge: Dodged            |    61 |   116 |    99 |   206 ||   482
Block: Other             |    15 |    43 |    43 |    75 ||   176

Table legend: (Time is in decaauts)
 A = Elapsed time spent in this place.
 B = Non-inter-level travel time spent in this place.
 C = Inter-level travel time spent in this place.
 D = Time resting spent in this place.
 E = Time spent auto-exploring this place.
 F = Levels seen in this place.
 G = Mean time per level.
                   A        B        C        D        E       F      G
               +--------+--------+--------+--------+--------+-----+--------+
         Total |  12888 |  12362 |    526 |   3320 |   6426 |  18 |  716.0 |
       Dungeon |   9183 |   8721 |    462 |   1610 |   5583 |  10 |  918.3 |
          Lair |   2564 |   2500 |     64 |   1315 |    611 |   3 |  854.7 |
   Spider Nest |    308 |    308 |      0 |    199 |     45 |   1 |  308.0 |
         Abyss |    298 |    298 |      0 |     20 |    160 |   3 |   99.3 |
       Ossuary |    534 |    534 |      0 |    176 |     27 |   1 |  534.0 |
               +--------+--------+--------+--------+--------+-----+--------+

Top non-repeatable levels by time:
     D:1: 1860 daAuts
  Lair:1: 1303 daAuts
    D:10: 1206 daAuts
     D:6: 1071 daAuts
  Lair:2: 825 daAuts
     D:4: 825 daAuts
     D:9: 808 daAuts
     D:5: 808 daAuts
     D:2: 768 daAuts
     D:3: 759 daAuts
     D:8: 610 daAuts
 Ossuary: 534 daAuts
     D:7: 463 daAuts
  Lair:3: 434 daAuts
Spider:1: 308 daAuts
